 Dungeon Crawl Stone Soup version 0.30-a0-738-g116ff8c4af (webtiles) character file.

Game seed: 8705721237269396765

683 timneilson the Shield-Bearer (level 7, 0/43 HPs)
             Began as a Gargoyle Fighter on Feb 3, 2023.
             Was a Believer of Okawaru.
             Slain by Pikel
             ... wielding a +1 whip of flaming
              (4 damage)
             ... on level 6 of the Dungeon.
             The game lasted 00:05:23 (3752 turns).

timneilson the Shield-Bearer (Gargoyle Fighter)     Turns: 3752, Time: 00:05:24

Health: 0/43       AC: 15    Str: 28    XL:     7   Next: 61%
Magic:  8/8        EV:  8    Int: 11    God:    Okawaru [**....]
Gold:   60         SH:  4    Dex:  9    Spells: 6/6 levels left

rFire   . . .      SeeInvis .    p - +6 long sword "Plog" {flame, Int+3}
rCold   + . .      Faith    .    c - +0 buckler
rNeg    + . .      Spirit   .    s - +0 chain mail
rPois   ∞          Reflect  .    (no helmet)
rElec   +          Harm     .    (no cloak)
rCorr   .          Rampage  .    (no gloves)
Will    .....                    v - +0 pair of boots Stlth
                                 (no amulet)
HPRegen 0.27/turn                q - +6 ring of strength
MPRegen 0.11/turn                n - ring of protection from cold

@: no status effects
A: sickness immunity, AC +4, negative energy resistance 1, electricity
resistance, torment resistance 1, petrification resistance
a: Renounce Religion, Heroism


You were on level 6 of the Dungeon.
You worshipped Okawaru.
Okawaru was pleased with you.
You visited 2 branches of the dungeon, and saw 7 of its levels.

You collected 247 gold pieces.
You spent 187 gold pieces at shops.

Inventory:

Hand Weapons
 a - a +1 long sword of protection
 p - the +6 long sword "Plog" (weapon) {flame, Int+3}
   (You bought it in a shop on level 4 of the Dungeon)

   Int:       It affects your intelligence (+3).
Armour
 c - a +0 buckler (worn)
 s - a +0 chain mail (worn)
 v - a +0 pair of boots (worn)
Jewellery
 i - a ring of fire
 n - a ring of protection from cold (right hand)
 q - a +6 ring of strength (left hand)
Wands
 m - a wand of iceblast (24)
Scrolls
 b - 2 scrolls of teleportation
Potions
 d - 3 potions of might
 e - a potion of berserk rage
 g - a potion of invisibility {unknown}
 h - a potion of flight {unknown}
 j - a potion of curing {unknown}
 k - a potion of resistance
 l - a potion of magic {unknown}
 o - 3 potions of brilliance {unknown}
 r - a potion of mutation {unknown}


   Skills:
 + Level 4.3 Fighting
 * Level 3.7 Long Blades
 * Level 5.1 Armour
 + Level 1.8 Dodging
 * Level 5.3 Shields
 + Level 2.0 Invocations
 + Level 1.6 Evocations


You had 6 spell levels left.
You didn't know any spells.
Your spell library was empty.

Dungeon Overview and Level Annotations

Branches:
Dungeon (6/15)             Temple (1/1) D:4

Altars:
Ashenzari
Cheibriados
Dithmenos
Fedhas
Hepliaklqana
Kikubaaqudgha
Nemelex Xobeh
Okawaru
Qazlal
Sif Muna
Trog
Vehumet
Wu Jian
Yredelemnul

Shops:
D:2 (   D:4 (   D:5 [

Annotations:
D:6 Eustachio, Pikel


Innate Abilities, Weirdness & Mutations

You are immune to sickness and miasma.
Your stone body is resilient. (AC +4)
You are immune to poison.
You resist negative energy. (rN+)
You are resistant to electric shocks. (rElec)
You are resistant to unholy torment.
You are immune to petrification.


Message History

You feel much better. Eustachio hits you but does no damage.
Pikel cracks his whip.
Pikel hits you with a +1 whip of flaming.
Pikel burns you. The river rat bites you.
The white imp hits you but does no damage.
You completely miss Pikel.
Pikel is severely wounded.
Pikel hits you but does no damage. Eustachio closely misses you.
The river rat bites you but does no damage.
You block Pikel's attack. The white imp gestures at you.
The puff of frost hits you but does no damage.
The river rat bites you but does no damage.
Eustachio hits you with a +0 rapier.
You hit Pikel. You burn Pikel.
Pikel is severely wounded.
Pikel hits you with a +1 whip of flaming.
Pikel burns you. The white imp gestures at you. The puff of frost hits you.
You resist.
Pikel hits you with a +1 whip of flaming.
Pikel burns you.
Eustachio casts a spell.
Eustachio blinks!
The river rat bites you but does no damage.
You closely miss Pikel.
Pikel is severely wounded.
You block the bat's attack. The bat hits you but does no damage.
Pikel hits you but does no damage. The white imp barely misses you.
The river rat bites you.
* * * LOW HITPOINT WARNING * * *
Pikel hits you with a +1 whip of flaming!
* * * LOW HITPOINT WARNING * * *
Pikel burns you.
* * * LOW HITPOINT WARNING * * *
You hit Pikel but do no damage.
Pikel is severely wounded.
The bat hits you but does no damage. You block the bat's attack.
Pikel hits you with a +1 whip of flaming.
You die...

#............ .
#.##.#####.## #.
# #.##.# #. #.
#†##.# #..
#.##.##.# ###.5#
#.#.##.# ..
55###5.##..
#.##K#r#.####.
#...5@br5@...#
#...############.
... .


You could see Eustachio, Pikel (fast), 3 lemures, an iron imp (summoned), a
river rat (summoned), 2 white imps, a bat (summoned) and a rat (summoned).

Vanquished Creatures
  An ogre (D:6)
  A centaur (D:5)
  A black bear (D:5)
  2 necrophages
  A howler monkey (D:6)
  2 jellies
  Ijyb (D:4)
  2 orc wizards (D:5)
  5 adders
  2 worms
  3 dart slugs
  9 orcs
  A bat (D:3)
  4 endoplasms
  2 giant cockroaches
  8 goblins
  4 hobgoblins
  6 jackals
  9 kobolds
  2 quokkas
  9 ball pythons
  3 frilled lizards
  6 rats
  A butterfly (D:4)
85 creatures vanquished.

Notes
Turn   | Place    | Note
-------+----------+-------------------------------------------
     0 | D:1      | timneilson the Gargoyle Fighter began the quest for the
                  | Orb.
     0 | D:1      | Reached XP level 1. HP: 14/14 MP: 1/1
   139 | D:1      | Reached XP level 2. HP: 14/19 MP: 2/2
   333 | D:1      | Reached XP level 3. HP: 12/23 MP: 3/3
   930 | D:2      | Found a faded altar of an unknown god.
  1118 | D:2      | Found Xaagepeg's Antique Weapon Shoppe.
  1222 | D:2      | Reached XP level 4. HP: 26/28 MP: 4/4
  1942 | D:4      | Found a staircase to the Ecumenical Temple.
  1950 | Temple   | Entered the Ecumenical Temple
  1973 | Temple   | Became a worshipper of Warmaster Okawaru
  2082 | D:4      | Reached XP level 5. HP: 33/33 MP: 5/5
  2093 | D:4      | Found Sosch's Antique Weapon Shoppe.
  2214 | D:4      | Bought a fading long sword for 187 gold pieces
  2214 | D:4      | Identified the +6 long sword "Plog" {flame, Int+3} (You
                  | bought it in a shop on level 4 of the Dungeon)
  2418 | D:4      | Noticed Ijyb
  2425 | D:4      | Killed Ijyb
  2426 | D:4      | Reached skill level 1 in Dodging
  2875 | D:5      | Entered Level 5 of the Dungeon
  2912 | D:5      | Found Ureumu's Armour Shop.
  2915 | D:5      | Noticed a black bear
  2920 | D:5      | Killed a black bear
  2921 | D:5      | Reached skill level 1 in Invocations
  2921 | D:5      | Reached XP level 6. HP: 8/38 MP: 6/6
  3054 | D:5      | Reached * piety under Okawaru
  3055 | D:5      | Reached skill level 1 in Evocations
  3233 | D:5      | Reached skill level 5 in Shields
  3234 | D:5      | Reached XP level 7. HP: 39/43 MP: 8/8
  3555 | D:6      | Reached ** piety under Okawaru
  3641 | D:6      | Reached skill level 5 in Armour
  3732 | D:6      | Noticed Eustachio
  3736 | D:6      | Noticed Pikel
  3752 | D:6      | Slain by Pikel

Illustrated notes

Levels and vault maps discovered:
D:1:      amcnicky_arrival_double_pillar, layout_rooms, minmay_box_of_dots
D:2:      layout_basic, serial_shops, nicolae_shop_crystal,
          hellmonk_ecumenical_altar_zigzags, hangedman_decor_slide_cut
D:3:      layout_basic
D:4:      layout_loops_ring, minmay_temple_entry_butterflies, serial_shops,
          nicolae_shop_trees, uniq_ijyb
D:5:      layout_cave_pools, serial_shops,
          nicolae_shop_competitors_out_of_business, chequers_serial_rivers_marsh
D:6:      layout_loops_ring, uniq_pikel, uniq_blork_the_orc, uniq_eustachio
Temple:   nicolae_temple_great_sept

Skill      XL: |  1  2  3  4  5  6  7 |
---------------+----------------------+-----
Long Blades    | 2 3 |  3.7
Shields        | 4 5 |  5.3
Armour         | 4 5 |  5.1
Dodging        | 1 |  1.8
Invocations    | 1 2 |  2.0
Fighting       | 4 |  4.3
Evocations     | 1 |  1.6

Action                     |  1- 3 |  4- 6 |  7- 9 || total
---------------------------+-------+-------+-------++-------
  Melee: Long sword        |   159 |   116 |    38 ||   313
    Use: Scroll            |     5 |     4 |     2 ||    11
         Potion            |       |       |     2 ||     2
 Armour: Scale mail        |   101 |    30 |       ||   131
         Chain mail        |       |    38 |    32 ||    70
  Dodge: Dodged            |    94 |    59 |    17 ||   170
  Block: Buckler           |    36 |    27 |    12 ||    75

Table legend: (Time is in decaauts)
 A = Elapsed time spent in this place.
 B = Non-inter-level travel time spent in this place.
 C = Inter-level travel time spent in this place.
 D = Time resting spent in this place.
 E = Time spent auto-exploring this place.
 F = Levels seen in this place.
 G = Mean time per level.
                   A        B        C        D        E       F      G
               +--------+--------+--------+--------+--------+-----+--------+
         Total |   3852 |   3695 |    157 |     96 |   2800 |   7 |  550.3 |
       Dungeon |   3765 |   3620 |    145 |     96 |   2739 |   6 |  627.5 |
        Temple |     87 |     75 |     12 |      0 |     61 |   1 |   87.0 |
               +--------+--------+--------+--------+--------+-----+--------+

Top non-repeatable levels by time:
     D:4: 1005 daAuts
     D:2: 716 daAuts
     D:1: 644 daAuts
     D:3: 598 daAuts
     D:5: 585 daAuts
     D:6: 215 daAuts
  Temple: 87 daAuts
